 Dungeon Crawl Stone Soup version 0.31-a0-236-g9a0961fb85 (webtiles) character file.

Game seed: 2875587781818759207

122 qw the Shooter (level 5, 0/30 HPs)
             Began as a Gargoyle Hexslinger on July 10, 2023.
             Slain by a kobold brigand
             ... wielding a +0 dagger
              (6 damage)
             ... on level 3 of the Dungeon.
             The game lasted 00:01:00 (2187 turns).

qw the Shooter (Gargoyle Hexslinger)                Turns: 2187, Time: 00:01:01

Health: 0/30       AC:  9    Str: 11    XL:     5   Next: 6%
Magic:  6/6        EV: 10    Int: 14    God:
Gold:   206        SH:  0    Dex: 14    Spells: 5/6 levels left

rFire   . . .        Y - +1 sling
rCold   . . .        (no shield)
rNeg    + . .        c - +0 ring mail
rPois   inf          (no helmet)
rElec   +            (no cloak)
rCorr   .            (no gloves)
SInv    .            (no boots)
Will    .....        (no amulet)
Stlth   +            (no ring)
HPRegen 0.25/turn    (no ring)
MPRegen 0.10/turn

%: no passive effects
@: no status effects
A: sickness immunity, AC +4, negative energy resistance 1, electricity
resistance, torment resistance 1, petrification resistance
a: no special abilities


You were on level 3 of the Dungeon.
You visited 1 branch of the dungeon, and saw 3 of its levels.

You collected 206 gold pieces.


Innate Abilities, Weirdness & Mutations

You are immune to sickness and miasma.
Your stone body is resilient. (AC +4)
You are immune to poison.
You resist negative energy. (rN+)
You are resistant to electric shocks. (rElec)
You are resistant to unholy torment.
You are immune to petrification.


   Skills:
 - Level 2.0 Fighting
 + Level 4.6 Ranged Weapons
 - Level 1.0 Armour
 - Level 1.5 Dodging
 - Level 1.0 Spellcasting
 - Level 2.6 Hexes


You had 5 spell levels left.
You knew the following spells:

 Your Spells              Type           Power      Damage    Failure   Level
a - Slow                  Hex            32%        N/A       21%         1

Your spell library contained the following spells:

 Spells                   Type           Power      Damage    Failure   Level
 Inner Flame              Hex/Fire       4%         N/A       71%         3
 Portal Projectile        Hex/Tloc       8%         N/A       71%         3
 Cause Fear               Hex            4%         N/A       90%         4

Inventory:

Hand Weapons
 Y - a +1 sling (weapon)
Armour
 c - a +0 ring mail (worn)
 d - the +0 helmet of Defence {rC+++ Str-3 SInv Stlth-}
   (You found it on level 3 of the Dungeon)

   Str:       It affects your strength (-3).
   rC:        It renders you almost immune to cold.
   SInv:      It lets you see invisible.
   Stlth:     It makes you less stealthy.
Scrolls
 a - 3 scrolls of identify
 f - a scroll of enchant armour {unknown}
Potions
 b - a potion of attraction {unknown}
 e - a potion of haste {unknown}

Dungeon Overview and Level Annotations

Branches:
Dungeon (3/15)

Altars:


Message History

The kobold brigand barely misses you.
You shoot a sling bullet.
The sling bullet hits the kobold brigand but does no damage.
The kobold brigand is lightly wounded.
The kobold brigand hits you with a +0 dagger. x2
You shoot a sling bullet.
The sling bullet hits the kobold brigand.
The kobold brigand is moderately wounded.
The kobold brigand hits you but does no damage.
You shoot a sling bullet.
The sling bullet closely misses the kobold brigand.
The sling bullet hits the kobold brigand.
The kobold brigand is heavily wounded.
The kobold brigand hits you but does no damage.
You shoot a sling bullet.
The sling bullet hits the kobold brigand.
The kobold brigand is moderately wounded.
The kobold brigand hits you but does no damage.
The kobold brigand hits you with a +0 dagger.
You shoot a sling bullet.
The sling bullet closely misses the kobold brigand.
The sling bullet barely misses the kobold brigand.
The sling bullet hits the kobold.
The kobold is moderately wounded.
The kobold brigand hits you with a +0 dagger.
You shoot a sling bullet.
The sling bullet hits the kobold brigand but does no damage.
The kobold brigand is moderately wounded.
The kobold brigand hits you with a +0 dagger.
You shoot a sling bullet.
The sling bullet closely misses the kobold brigand.
The sling bullet hits the kobold brigand.
The kobold brigand is heavily wounded.
The kobold brigand closely misses you.
The kobold brigand hits you but does no damage.
You shoot a sling bullet.
The sling bullet hits the kobold brigand.
The kobold brigand is moderately wounded.
The kobold brigand hits you with a +0 dagger.
You die...

#.##.......# ##############
#.##..####.#
..............##.##....##.#
####.#.#.######...####.##.#
..%....#...'.........+.##.#
..........#####...#######.#
####......# ##.## #.#
######.# #.# #.# #.# #@#
#.# #.# #K# #.# #..


KKK #.# ### .%K%% #.# %%%).%. #.####### #.......# #........ #...[...# #########
##..)..## You could see 2 kobold brigands and 3 kobolds.

Vanquished Creatures
  4 adders
  A worm (D:3)
  A dart slug (D:3)
  An orc (D:3)
  3 bats (D:1)
  9 endoplasms
  3 giant cockroaches
  12 goblins
  9 hobgoblins
  4 jackals
  4 quokkas
  2 ball pythons
  7 frilled lizards
  5 kobolds
  7 rats
72 creatures vanquished.

Notes
Turn   | Place    | Note
-------+----------+-------------------------------------------
     0 | D:1      | qw the Gargoyle Hexslinger began the quest for the Orb.
     0 | D:1      | Reached XP level 1. HP: 12/12 MP: 2/2
     0 | D:1      | 0 ||| qw: Version: 0.3-a-52-g30416fa
     0 | D:1      | 0 ||| qw: Game counter: 4686
     0 | D:1      | 0 ||| qw: Melee chars always use a shield: true
     0 | D:1      | 0 ||| qw: God list: Okawaru
     0 | D:1      | 0 ||| qw: Allow faded altars: false
     0 | D:1      | 0 ||| qw: Do Orc after clearing Dungeon:15 true
     0 | D:1      | 0 ||| qw: Do second Lair branch before Depths: true
     0 | D:1      | 0 ||| qw: Lair rune preference: random
     0 | D:1      | 0 ||| qw: Goals: Normal
     0 | D:1      | 0 ||| PLANNING D:1-11
   107 | D:1      | Reached XP level 2. HP: 16/16 MP: 3/3
   174 | D:1      | Reached skill level 3 in Ranged Weapons
   325 | D:1      | Reached XP level 3. HP: 18/21 MP: 4/4
   629 | D:1      | 629 ||| UPGRADING to +0 leather armour.
   639 | D:1      | 639 ||| DROPPING +0 robe.
   640 | D:1      | 640 ||| READING 2 scrolls labelled JAGET NESSOCK.
   641 | D:1      | 641 ||| READING scroll labelled RAEZXU JELUHO.
   642 | D:1      | 642 ||| READING scroll labelled PUAWNY JYUBOA.
   643 | D:1      | 643 ||| DROPPING scroll of poison.
   906 | D:2      | Reached XP level 4. HP: 26/26 MP: 5/5
  1086 | D:2      | Reached skill level 4 in Ranged Weapons
  1294 | D:2      | Found a faded altar of an unknown god.
  1450 | D:2      | 1450 ||| UPGRADING to +0 ring mail.
  1460 | D:2      | 1460 ||| DROPPING +0 leather armour.
  1461 | D:2      | 1461 ||| READING scroll labelled XODIXT XIKAUT.
  1462 | D:2      | 1462 ||| READING scroll labelled YGUACL HUG ZOE.
  1463 | D:2      | 1463 ||| READING scroll labelled XONYHO VUGH.
  1468 | D:2      | 1468 ||| DRINKING 3 viscous orange potions.
  1514 | D:2      | 1514 ||| DROPPING 2 potions of lignification.
  1562 | D:3      | Reached skill level 1 in Armour
  1693 | D:3      | 1693 ||| FLEEEEING.
  1695 | D:3      | 1695 ||| FLEEEEING.
  1696 | D:3      | 1696 ||| FLEEEEING.
  1759 | D:3      | Reached XP level 5. HP: 23/30 MP: 6/6
  1924 | D:3      | Identified the +0 helmet of Defence {rC+++ Str-3 SInv
                  | Stlth-}
  2170 | D:3      | Found the +7 Throatcutter {drain, coup de grace}
  2170 | D:3      | Noticed a kobold brigand
  2170 | D:3      | Noticed a kobold brigand
  2184 | D:3      | HP: 7/30 [kobold brigand/+0 dagger (5)]
  2187 | D:3      | Slain by a kobold brigand

Levels and vault maps discovered:
D:1:      dpeg_arrival_long_road, layout_rooms
D:2:      layout_basic, shapermc_ecumenical_altar_petra, grunt_decor_one_mirror
D:3:      layout_loops_ring, dilly_guarded_unrand_throatcut

Skill      XL: |  1  2  3  4 |
---------------+-------------+-----
Ranged Weapons | 3 4 |  4.6
Fighting       | 2 |  2.0
Armour         | 1 |  1.0
Dodging        | |  1.5
Spellcasting   | |  1.0
Hexes          | |  2.6

Action                     |  1- 3 |  4- 6 || total
---------------------------+-------+-------++-------
   Fire: Sling             |   137 |   127 ||   264
    Use: Scroll            |     3 |     3 ||     6
         Potion            |       |     1 ||     1
 Armour: Robe              |    19 |       ||    19
         Leather armour    |     8 |     7 ||    15
         Ring mail         |       |    37 ||    37
  Dodge: Dodged            |    56 |    42 ||    98

Table legend:
 A = Non-vault XP
 B = Vault XP
 C = Vault XP percentage of total XP
 D = Non-vault monster count
 E = Vault monster count
 F = Vault count percentage of total count
                 A         B        C        D         E       F
            +---------+---------+-------+---------+---------+-------
      Total |     173 |       2 |   1.1 |      71 |       1 |   1.4
            +---------+---------+-------+---------+---------+-------
        D:1 |      51 |       0 |   0.0 |      29 |       0 |   0.0
        D:2 |      59 |       0 |   0.0 |      23 |       0 |   0.0
        D:3 |      63 |       2 |   3.1 |      19 |       1 |   5.0
            +---------+---------+-------+---------+---------+-------
